[Event "Seniors-LEM-65 Sachsen-Anhalt 2024"]
[Site "Magdeburg"]
[Date "2024.07.01"]
[Round "1.1"]
[White "Koehler, Gerhard"]
[Black "Albert, Gerhard"]
[Result "1-0"]
[ECO "A13"]
[WhiteElo "2204"]
[BlackElo "1888"]
[Annotator "TA"]
[PlyCount "83"]
[EventDate "2024.06.25"]
[EventType "swiss"]
[EventCountry "GER"]
[SourceTitle "playchess.com"]
[Source "ChessBase"]
[SourceQuality "1"]
[TimeControl "40/5400+30:1800+30"]

1. c4 c6 2. Nf3 d5 3. e3 e6 4. b3 Nf6 5. Bb2 Be7 6. Be2 Nbd7 7. O-O O-O 8. d3 b6 9. Nbd2 Bb4 10. a3 {[%emt 0:00:58] The position is equal.} Bxd2 (10... Bd6 $11 {remains equal.}) 11. Qxd2 $16 Bb7 12. Rac1 c5 13. Rfd1 Re8 14. cxd5 exd5 15. d4 Rc8 16. dxc5 Nxc5 (16... bxc5 $14 17. Bd3 Ne4 18. Bxe4 Rxe4) 17. Nd4 Nfe4 18. Qe1 Qf6 {[%emt 0:09:01] [#] Wards off Nf5} (18... Nd6 $142) 19. Ba1 (19. Bg4 $142 $1) 19... Qg6 20. b4 Ne6 21. Bb5 Nxd4 22. Bxd4 Red8 23. Bd3 {[%emt 0:01:53] f3 is the strong threat. A strong pair of Bishops.} Qe6 24. f3 Nd6 25. Qg3 {[%emt 0:03:02][%csl Gd4][%cal Rg3g7] Black is weak on the dark squares} g6 ({Better is} 25... f6 $1 $14) 26. Qf4 {[%emt 0:04:50] White is much more active.} Ne8 (26... Nf5 $16) 27. h4 $18 Rxc1 28. Rxc1 Rc8 29. Rxc8 Bxc8 30. Qb8 Qd7 {[%emt 0:00:06] [#]} 31. a4 $1 $40 {[%emt 0:05:12][%mdl 640] White attacks with force.} Qc7 32. Qxc7 (32. Be5 $18 Qxb8 33. Bxb8) 32... Nxc7 {[%emt 0:00:30][%mdl 4096] Endgame. KBB-KBN} 33. Be5 Na8 {[%emt 0:04:27][%mdl 8192] This move loses the game for Black.} (33... Na6 $16 {is tougher.}) 34. Bb5 Bb7 {[%emt 0:00:48] Repels Bc6} 35. Bd7 Kf8 36. Bd6+ {[%emt 0:01:05] White is clearly winning.} Kg7 37. b5 Kf6 38. g4 a6 39. g5+ Kg7 40. bxa6 Bxa6 41. Bc6 b5 42. axb5 {[%emt 0:18:46] Weighted Error Value: White=0.14 (very precise) /Black=0.41.  Loses game:     	---       	Black=1      Mistake:       	White=2     	Black=5      Inaccurate:     	White=3     	Black=1      OK:         	White=15    	Black=10     Best:        	---       	Black=1} 1-0

[Event "Seniors-LEM-65 Sachsen-Anhalt 2024"]
[Site "Magdeburg"]
[Date "2024.07.01"]
[Round "1.2"]
[White "Bondick, Karl-Heinz"]
[Black "Schnelzer, Reinhold"]
[Result "0-1"]
[ECO "D00"]
[WhiteElo "1887"]
[BlackElo "2162"]
[Annotator "TA"]
[PlyCount "26"]
[EventDate "2024.06.25"]
[EventType "swiss"]
[EventCountry "GER"]
[SourceTitle "playchess.com"]
[Source "ChessBase"]
[SourceQuality "1"]
[TimeControl "40/5400+30:1800+30"]

1. d4 d5 2. e4 dxe4 3. Nc3 Nf6 4. f3 Bf5 5. g4 Bg6 6. Bg2 exf3 7. Qxf3 c6 {[%emt 0:10:22][%cal Ob8a6] White must now prevent ...Na6!} (7... Bxc2 $2 8. Qxb7 e5 9. dxe5 (9. Qxa8 exd4 10. Nd5 Nxd5 $18) 9... Nxg4 10. Qxa8 $18) 8. Nge2 {[%emt 0:03:55] Black has an edge.} e6 9. O-O (9. g5 $1 $15 Nd5 10. Ne4) 9... Bd6 (9... Be7 $17 10. g5 Nh5) 10. Bg5 $2 {[%emt 0:08:28] [#] Loses the game.} ({White should play} 10. g5 $15 Nd5 11. Ne4) 10... Nbd7 {[%emt 0:05:24][%cal Oh7h5] Threatens to win with ...h5!} (10... Bxc2 11. Bd2 Bg6 12. g5 $17) 11. Rae1 (11. Bf4 $17 {might work better.} Bb8 12. Bxb8 Qxb8 (12... Rxb8 13. h4 $17) 13. Nf4) 11... O-O ({Resist} 11... Bxc2 12. Bf4 Bxf4 13. Nxf4 $15) 12. Ng3 (12. Nf4 $142) 12... Qb6 $19 13. Nce2 Bxc2 {[%emt 0:02:03] Weighted Error Value: White=0.83/Black=0.38.  Loses game:     	White=1     	---        Mistake:       	White=3     	Black=1      Inaccurate:     	White=1     	Black=3      OK:         	---       	Black=2} ({Don't play} 13... Qxb2 14. c3) 0-1

[Event "Seniors-LEM-65 Sachsen-Anhalt 2024"]
[Site "Magdeburg"]
[Date "2024.07.01"]
[Round "1.3"]
[White "Okrajek, Alexander"]
[Black "Stummeyer, Dieter"]
[Result "1-0"]
[ECO "B06"]
[WhiteElo "2163"]
[BlackElo "1884"]
[Annotator "RC"]
[PlyCount "108"]
[EventDate "2024.06.25"]
[EventType "swiss"]
[EventCountry "GER"]
[SourceTitle "playchess.com"]
[Source "ChessBase"]
[SourceQuality "1"]
[TimeControl "40/5400+30:1800+30"]

1. e4 g6 2. d4 Bg7 3. Nf3 d6 4. Bd3 c5 5. c3 a6 6. O-O Nc6 7. Be3 cxd4 8. cxd4 Nf6 9. h3 O-O 10. Nc3 Bd7 11. Rc1 Rc8 12. Qd2 Qa5 13. Bh6 Qh5 14. Bxg7 Kxg7 15. Ne2 Qa5 16. e5 dxe5 17. dxe5 Nd5 18. Qxa5 Nxa5 19. Ned4 Nc6 20. Nxc6 Bxc6 21. Nd4 Nf4 22. Nxc6 Nxd3 23. Rcd1 Nxb2 24. Rb1 Rxc6 25. Rxb2 b5 26. Rd1 Re6 27. f4 f6 28. exf6+ Rfxf6 29. g3 Re3 30. Kf2 Rfe6 31. Rd4 Ra3 32. Rdb4 Kf6 33. R4b3 Ra4 34. Re3 Rxe3 35. Kxe3 e5 36. fxe5+ Kxe5 37. Rd2 h5 38. Kf3 Ra3+ 39. Kf2 h4 40. Re2+ Kf5 41. g4+ Kf4 42. Kg2 Rg3+ 43. Kh2 Re3 44. Rf2+ Ke5 45. Rd2 b4 46. Kg2 a5 47. Kh2 a4 48. Kg2 b3 49. axb3 axb3 50. Rb2 Rg3+ 51. Kh2 Rc3 52. Re2+ Kd4 53. Kg1 Rc1+ 54. Kf2 Rc2 1-0

[Event "Seniors-LEM-65 Sachsen-Anhalt 2024"]
[Site "Magdeburg"]
[Date "2024.07.01"]
[Round "1.4"]
[White "Wolke, Reimund"]
[Black "Kahe, Ralph"]
[Result "0-1"]
[ECO "C43"]
[WhiteElo "1871"]
[BlackElo "2129"]
[Annotator "RC"]
[PlyCount "59"]
[EventDate "2024.06.25"]
[EventType "swiss"]
[EventCountry "GER"]
[SourceTitle "playchess.com"]
[Source "ChessBase"]
[SourceQuality "1"]
[TimeControl "40/5400+30:1800+30"]

1. e4 e5 2. Nf3 Nf6 3. d4 Nxe4 4. Bd3 d5 5. dxe5 Be7 6. O-O O-O 7. h3 Nc6 8. Be3 f5 9. exf6 Bxf6 10. c3 Bf5 11. Qc2 Qd7 12. Nbd2 Nd6 13. Rad1 Ne5 14. Nxe5 Bxe5 15. f4 Bf6 16. Nf3 c6 17. Bc5 Bxd3 18. Qxd3 Rfe8 19. c4 Ne4 20. Bd4 Bxd4+ 21. Qxd4 Ng3 22. Ne5 Qf5 23. Rfe1 Rad8 24. cxd5 Rxd5 25. Qc4 Red8 26. Rxd5 Rxd5 27. Rd1 Qxf4 28. Rxd5 cxd5 29. Qxd5+ Kf8 30. Qd8# 0-1

[Event "Seniors-LEM-65 Sachsen-Anhalt 2024"]
[Site "Magdeburg"]
[Date "2024.07.01"]
[Round "1.5"]
[White "Babrikowski, Peter"]
[Black "Gagelmann, Andreas"]
[Result "1-0"]
[ECO "B06"]
[WhiteElo "2129"]
[BlackElo "1883"]
[Annotator "TA"]
[PlyCount "62"]
[EventDate "2024.06.25"]
[EventType "swiss"]
[EventCountry "GER"]
[SourceTitle "playchess.com"]
[Source "ChessBase"]
[SourceQuality "1"]
[TimeControl "40/5400+30:1800+30"]

1. e4 c6 2. d4 g6 3. Nf3 d5 4. exd5 cxd5 5. c3 Nf6 6. Bb5+ Bd7 7. Qe2 a6 8. Bd3 {[%emt 0:02:14] White is slightly better.} Bg7 9. Ne5 Nc6 10. Nxd7 Qxd7 11. Nd2 O-O 12. O-O Rfe8 13. f4 e6 14. Nf3 Qd6 15. Ne5 b5 16. Nxc6 (16. b4 $14) 16... Qxc6 $11 17. a3 Rab8 18. Bd2 Ne4 19. Rae1 f5 20. Bc1 a5 21. Be3 b4 22. axb4 axb4 23. c4 $1 dxc4 24. Bxc4 Red8 $36 {[%emt 0:01:10][%mdl 2048] Black fights for an advantage.} 25. Rd1 {[%emt 0:01:53] [#]} (25. Qd3 $1 $11) 25... Rd6 $1 $17 26. Bxe6+ $2 {[%emt 0:04:57][%mdl 8192] Now White is beyond hope.} Rxe6 $19 {[%emt 0:00:43] Black is clearly winning.} 27. d5 Qa6 28. Qc2 Rd6 {[%emt 0:01:40] And now ...b3 would win.} 29. g4 b3 30. Qg2 Qc8 31. Rc1 Qd7 {[%emt 0:00:41][%mdl 32768] Weighted Error Value: White=0.53/Black=0.15 (very precise) .  Loses game:     	White=1     	---        Mistake:       	White=2     	---        Inaccurate:     	White=3     	Black=1      OK:         	White=9     	Black=5      Strong:       	White=1     	Black=1     . Loss on time!?} 1-0

[Event "Seniors-LEM-65 Sachsen-Anhalt 2024"]
[Site "Magdeburg"]
[Date "2024.07.01"]
[Round "1.6"]
[White "Gehrmann, Dorit"]
[Black "Broemel, Richard"]
[Result "0-1"]
[ECO "D01"]
[WhiteElo "1881"]
[BlackElo "2123"]
[Annotator "TA"]
[PlyCount "68"]
[EventDate "2024.06.25"]
[EventType "swiss"]
[EventCountry "GER"]
[SourceTitle "playchess.com"]
[Source "ChessBase"]
[SourceQuality "1"]
[TimeControl "40/5400+30:1800+30"]

1. d4 Nf6 2. Nc3 d5 3. Bg5 c6 4. e3 Qb6 5. Rb1 Bf5 6. Bd3 Bg6 7. Nf3 Nbd7 8. O-O {[%emt 0:01:00] The position is equal.} e6 9. Re1 Be7 10. h3 O-O 11. Ne5 {[%emt 0:01:17] [#] And now Nxd7 would win.} Qd8 12. f4 c5 13. Bxg6 hxg6 14. Nf3 Rc8 15. a3 a6 16. Ne2 b5 17. c3 Nb6 18. Ne5 Ne4 19. Bxe7 Qxe7 20. dxc5 Rxc5 21. Nd4 Nc4 22. Nef3 Rfc8 23. Nb3 R5c7 24. Nbd4 {[%emt 0:04:47] [#]} Rb7 (24... Nxa3 $1 $17 25. bxa3 Nxc3) 25. Re2 (25. Nb3 $15) 25... Qd8 {[%emt 0:01:45] Black is much more active.} ({Better is} 25... Nxa3 $17 26. Ra1 (26. bxa3 Nxc3 27. Rc2 Rbc7 $19) 26... Nc4 27. Rxa6 Ng3) 26. Qb3 Qe7 ({Black should play} 26... Qf8 $17) 27. Rc1 (27. Qd1 $1 $11 {remains equal.}) 27... Nc5 28. Qc2 Ne4 (28... a5 $17) 29. Qd3 (29. Qb3 $1 $11 {keeps the balance.}) 29... Rbc7 30. Qd1 (30. Rb1 $142) 30... Ng3 $36 {[%emt 0:00:32][%mdl 2048] Black is really pushing.} 31. Re1 $2 (31. Rf2) 31... Nxb2 $19 32. Qc2 Na4 (32... Qxa3 33. Kh2 Nf5 (33... Rxc3 $2 34. Ra1 $19) 34. Ra1 Qxc3 35. Qxc3 Rxc3 36. Rxa6 $19) 33. Qb3 Rxc3 34. Rxc3 Rxc3 {[%emt 0:00:04] Weighted Error Value: White=0.33/Black=0.15 (very precise) .  Mistake:       	White=5     	Black=4      Inaccurate:     	White=5     	Black=1      OK:         	White=8     	Black=9      Best:        	---       	Black=1} ({Don't play} 34... Nxc3 35. Qb2 $19) 0-1

[Event "Seniors-LEM-65 Sachsen-Anhalt 2024"]
[Site "Magdeburg"]
[Date "2024.07.01"]
[Round "1.7"]
[White "Erler, Rainer"]
[Black "Zechel, Rolf-Ruediger"]
[Result "1/2-1/2"]
[ECO "B26"]
[WhiteElo "2121"]
[BlackElo "1870"]
[Annotator "TA"]
[PlyCount "40"]
[EventDate "2024.06.25"]
[EventType "swiss"]
[EventCountry "GER"]
[SourceTitle "playchess.com"]
[Source "ChessBase"]
[SourceQuality "1"]
[TimeControl "40/5400+30:1800+30"]

1. e4 c5 2. Nc3 Nc6 3. g3 g6 4. Bg2 Bg7 5. d3 e6 6. Nh3 Nge7 7. Be3 d6 8. Qd2 O-O 9. O-O Nd4 10. Nd1 Rb8 11. c3 Ndc6 12. f4 (12. Rc1 $142) 12... f5 13. Nhf2 b6 14. exf5 exf5 15. d4 Bd7 16. b3 Be8 {[%emt 0:03:29] The position is equal.} 17. Nb2 Bf7 18. d5 Na5 19. Rac1 b5 20. Nfd1 a6 {[%emt 0:02:04] An uneventful encounter.   Weighted Error Value: White=0.15 (very precise) /Black=0.19 (very precise) .  Inaccurate:     	White=3     	Black=2      OK:         	White=4     	Black=2      Best:        	White=1     	---} 1/2-1/2

[Event "Seniors-LEM-65 Sachsen-Anhalt 2024"]
[Site "Magdeburg"]
[Date "2024.07.01"]
[Round "1.8"]
[White "Dehning-Busse, Karsten"]
[Black "Schmidt, Gerhard"]
[Result "0-1"]
[ECO "A07"]
[WhiteElo "1867"]
[BlackElo "2112"]
[Annotator "TA"]
[PlyCount "69"]
[EventDate "2024.06.25"]
[EventType "swiss"]
[EventCountry "GER"]
[SourceTitle "playchess.com"]
[Source "ChessBase"]
[SourceQuality "1"]
[TimeControl "40/5400+30:1800+30"]

1. Nf3 Nf6 2. g3 d5 3. Bg2 g6 4. O-O Bg7 5. d3 O-O 6. Nbd2 Re8 7. e4 dxe4 8. dxe4 e5 9. c3 Nc6 10. Qc2 Qe7 11. b4 {[%emt 0:07:04] White is slightly better.} a6 12. a4 Be6 13. Ng5 Bd7 14. Ba3 {[%emt 0:06:03] [#] Black must now prevent b5.} Qd8 (14... b5 $11) 15. Rfd1 (15. b5 $16 Na5 16. Qa2) 15... h6 16. Ngf3 Qc8 17. Nc4 b5 18. axb5 axb5 19. Ne3 Qb7 20. Ne1 Be6 21. Nd3 Bf8 22. Nd5 Bxd5 (22... Nd7 $1 $14) 23. exd5 $16 Nd8 {[%emt 0:05:50] [#]} (23... Nb8 $16) 24. d6 $1 $36 {[%emt 0:06:24][%mdl 2560] White is really pushing.} c6 (24... Nc6 25. Nc5) 25. Nc5 Qb6 (25... Qb8 {might work better.}) 26. c4 Ne6 (26... Bg7 $142 27. Bb2 Rxa1) 27. Nxe6 Rxe6 28. c5 Qb7 29. Bb2 Rxa1 30. Rxa1 Nd7 31. Ra5 {[%emt 0:02:06] White is clearly winning.} Bg7 (31... Bxd6 $142 32. cxd6 Rxd6) 32. Qe2 {[%emt 0:02:15] And now Bc1 would win.} f5 (32... Re8 $142 33. Qd1 Nf6) 33. Bc3 {[%emt 0:02:21] Hoping for Qa2. This pair of bishops is nice.} e4 34. Qa2 Nf8 35. Bxg7 {[%emt 0:00:17][%mdl 32768] Weighted Error Value: White=0.25 (precise) /Black=0.51.  Mistake:       	White=1     	Black=7      Inaccurate:     	White=1     	Black=2      OK:         	White=11    	Black=5      Best:        	White=1     	---       . Loss on time!?} 0-1

[Event "Seniors-LEM-65 Sachsen-Anhalt 2024"]
[Site "Magdeburg"]
[Date "2024.07.01"]
[Round "1.9"]
[White "Leibovitch, Iziaslav"]
[Black "Boldt, Heinrich"]
[Result "1-0"]
[ECO "A47"]
[WhiteElo "2105"]
[BlackElo "1866"]
[Annotator "RC"]
[PlyCount "41"]
[EventDate "2024.06.25"]
[EventType "swiss"]
[EventCountry "GER"]
[SourceTitle "playchess.com"]
[Source "ChessBase"]
[SourceQuality "1"]
[TimeControl "40/5400+30:1800+30"]

1. d4 Nf6 2. Nf3 c5 3. c3 b6 4. Bf4 Bb7 5. e3 e6 6. Bd3 d5 7. Nbd2 Nc6 8. Ne5 Nd7 9. Ndf3 f6 10. Nxc6 Bxc6 11. O-O Be7 12. Re1 f5 13. Ne5 Nxe5 14. Bxe5 O-O 15. f3 c4 16. Bc2 b5 17. e4 dxe4 18. fxe4 Bd6 19. exf5 exf5 20. Bxd6 Qxd6 21. Re5 1-0

[Event "Seniors-LEM-65 Sachsen-Anhalt 2024"]
[Site "Magdeburg"]
[Date "2024.07.01"]
[Round "1.10"]
[White "Juergens, Peter"]
[Black "Andersen, Knut"]
[Result "1/2-1/2"]
[ECO "A47"]
[WhiteElo "2194"]
[BlackElo "2104"]
[Annotator "TA"]
[PlyCount "41"]
[EventDate "2024.06.25"]
[EventType "swiss"]
[EventCountry "GER"]
[SourceTitle "playchess.com"]
[Source "ChessBase"]
[SourceQuality "1"]
[TimeControl "40/5400+30:1800+30"]

1. d4 Nf6 2. Nf3 c5 3. c3 b6 4. Bf4 Bb7 5. e3 e6 6. Bd3 d5 7. Nbd2 Nc6 8. Ne5 Nd7 9. Ndf3 {[%emt 0:00:36][%cal Oe5f7] [#] Threatens to win with Nxf7!} f6 (9... Ndxe5 $11 10. Nxe5 Bd6) 10. Nxc6 $14 Bxc6 11. O-O Be7 12. Re1 f5 13. Ne5 {[%emt 0:04:36] White is much more active. The black rooks are passive.} (13. Ba6 $14) 13... Nxe5 $11 14. Bxe5 O-O 15. f3 c4 16. Bc2 b5 17. e4 dxe4 18. fxe4 Bd6 19. exf5 exf5 20. Bxd6 Qxd6 21. Re5 {[%emt 0:00:32] Weighted Error Value: White=0.10 (very precise) /Black=0.14 (very precise) .  Mistake:       	White=1     	Black=1      Inaccurate:     	---       	Black=1      OK:         	White=4     	Black=3      Best:        	White=1     	Black=1} 1/2-1/2

[Event "Seniors-LEM-65 Sachsen-Anhalt 2024"]
[Site "Magdeburg"]
[Date "2024.07.01"]
[Round "1.11"]
[White "Krueger, Erich"]
[Black "Cordes, Lothar"]
[Result "1-0"]
[ECO "C42"]
[WhiteElo "2095"]
[BlackElo "1858"]
[Annotator "TA"]
[PlyCount "40"]
[EventDate "2024.06.25"]
[EventType "swiss"]
[EventCountry "GER"]
[SourceTitle "playchess.com"]
[Source "ChessBase"]
[SourceQuality "1"]
[TimeControl "40/5400+30:1800+30"]

1. e4 e5 2. Nf3 Nf6 3. Nc3 d6 4. d3 Be7 5. h3 O-O 6. Bg5 c6 7. a4 Qc7 (7... d5 $15 {was preferrable.}) 8. Be2 {[%emt 0:00:49] The position is equal.} Nbd7 9. O-O Re8 10. Nh2 Nf8 11. Bxf6 Bxf6 12. Bg4 Ne6 13. Ne2 d5 14. exd5 cxd5 15. c3 g6 16. Qc2 h5 17. Bf3 (17. Bxe6 $142 Bxe6 (17... Rxe6 18. f4 $17) 18. Qd2) 17... Qd6 (17... e4 $142 18. dxe4 Be5) 18. Rfd1 $17 Bd7 19. b4 a6 ({Black should play} 19... Ng5 $17 20. Qd2 a5) 20. Ng3 ({Better is} 20. Rab1 $15) 20... Rac8 {[%emt 0:04:45][%mdl 32768] Weighted Error Value: White=0.27 (precise) /Black=0.18 (very precise) .  Mistake:       	White=2     	Black=3      Inaccurate:     	White=5     	---        OK:         	White=3     	Black=2     . Loss on time!?} 1-0

[Event "Seniors-LEM-65 Sachsen-Anhalt 2024"]
[Site "Magdeburg"]
[Date "2024.07.01"]
[Round "1.12"]
[White "Fleischer, Martin"]
[Black "Schober, Ralf"]
[Result "0-1"]
[ECO "A52"]
[WhiteElo "1857"]
[BlackElo "2090"]
[Annotator "TA"]
[PlyCount "77"]
[EventDate "2024.06.25"]
[EventType "swiss"]
[EventCountry "GER"]
[SourceTitle "playchess.com"]
[Source "ChessBase"]
[SourceQuality "1"]
[TimeControl "40/5400+30:1800+30"]

1. d4 Nf6 2. c4 e5 3. dxe5 Ng4 4. Bf4 g5 5. Bg3 Bg7 6. Nf3 Nc6 7. Nc3 Ngxe5 8. Nxe5 Nxe5 9. e3 d6 10. Rc1 (10. h4 $16) 10... Be6 11. b3 (11. h4 $14 {is superior.}) 11... Qd7 12. Be2 {[%emt 0:02:44][%cal Oc4c5] White is slightly better.} O-O-O 13. O-O Kb8 ({Black should play} 13... h5 $11) 14. Nb5 {[%emt 0:17:05] [#]} (14. f4 $14 Ng6 15. fxg5) 14... h5 $1 $11 15. h4 (15. Bxh5 g4 16. f4 Nc6 $19) (15. Nd4 h4) 15... g4 $2 (15... c6 $15 {stays ahead.} 16. Nd4 gxh4 17. Bxh4 Rdg8) 16. Nd4 ({White must play} 16. c5 $1 $16) 16... Nc6 (16... Qe7 $15) 17. Nxc6+ Qxc6 18. Qc2 Qc5 19. Rfd1 Be5 20. Bxe5 Qxe5 (20... dxe5 $11 {keeps the balance.} 21. Qc3 Qa3) 21. g3 $16 Rhe8 22. Rd4 Bd7 23. Rd5 (23. b4 {keeps more tension.} Bc6 24. b5 Be4 25. Bd3) 23... Qh8 24. Qc3 (24. c5 $16) 24... Qxc3 $11 25. Rxc3 Re5 26. Rcd3 Bf5 27. Rd2 {[%emt 0:01:33] Hoping for Rxe5.} Rde8 28. Kf1 a6 29. Ke1 Ka7 30. R2d4 Rxd5 (30... f6 $11) 31. Rxd5 $14 Re5 (31... Bg6 $14) 32. Rxe5 dxe5 $16 {[%emt 0:00:09][%mdl 4096] Endgame. [#] KB-KB} 33. f3 gxf3 34. Bxf3 Bg6 35. Kd2 (35. g4 $18 hxg4 36. Bxg4) 35... f5 {[%emt 0:00:27] [#]} (35... e4 $1 $14 36. Bd1 Kb6) 36. Bd5 (36. e4 $1 $18 {[%cal Re4f5] aiming for exf5.} fxe4 37. Be2) 36... b5 $2 (36... Kb6 $16) 37. b4 $18 bxc4 38. Kc3 ({Less strong is} 38. Bxc4 Kb6 39. Kc3 c5 $16) 38... Kb6 39. Kxc4 {[%emt 0:00:46][%mdl 32768] Weighted Error Value: White=0.32/Black=0.44.  Loses game:     	---       	Black=1      Mistake:       	White=6     	Black=7      Inaccurate:     	White=5     	Black=3      OK:         	White=8     	Black=8      Best:        	White=3     	---       . Sensor Board Error (Ke4/e5)?} ({Stronger than} 39. Bxc4 a5 $11) 0-1

[Event "Seniors-LEM-65 Sachsen-Anhalt 2024"]
[Site "Magdeburg"]
[Date "2024.07.01"]
[Round "1.13"]
[White "Kolthoff, Siegmund"]
[Black "Schwarz, Hans"]
[Result "1-0"]
[ECO "A90"]
[WhiteElo "2090"]
[BlackElo "1856"]
[Annotator "TA"]
[PlyCount "125"]
[EventDate "2024.06.25"]
[EventType "swiss"]
[EventCountry "GER"]
[SourceTitle "playchess.com"]
[Source "ChessBase"]
[SourceQuality "1"]
[TimeControl "40/5400+30:1800+30"]

1. Nf3 e6 2. g3 f5 3. Bg2 Nf6 4. O-O d5 5. b3 Bd6 6. d4 O-O 7. c4 c6 8. Ba3 b6 9. Qc1 Bb7 10. Rd1 Qe7 11. Bxd6 Qxd6 12. Nbd2 Nbd7 13. Qb2 Ng4 14. e3 Rac8 15. Rac1 Rfe8 16. b4 Rb8 17. Qc3 Rbc8 18. h3 Ngf6 19. Ne5 Ne4 20. Qb2 (20. Nxe4 {simplifies} fxe4 21. Nxd7 Qxd7 22. Qb2) 20... Nxe5 21. dxe5 Qe7 22. Nf1 Ng5 23. f4 Nf7 (23... Ne4 $11 {keeps the balance.}) 24. c5 Ba6 25. Nd2 Qb7 26. a3 Rb8 27. Qd4 Bb5 28. Bf3 Qa6 29. Rc3 Nd8 30. g4 g6 31. Kf2 Nb7 {[%emt 0:03:06] [#]} (31... bxc5 $16 32. Qxc5 fxg4) 32. gxf5 $1 $18 exf5 33. cxb6 Qxb6 34. Rdc1 Nd8 (34... Qxd4 $142 35. exd4 Nd8) 35. Nb3 $16 Ne6 36. Qxb6 axb6 {[%emt 0:00:30] [#]} 37. Be2 (37. Rxc6 $1 $18 Bxc6 38. Rxc6) 37... Ba4 38. Nd4 Nxd4 39. exd4 Ra8 40. h4 Re6 (40... h5 $16 {might work better.} 41. Rb1 Kf7) 41. Ke3 ({White should play} 41. Rg3 $18) 41... Kg7 42. Bd3 Re7 43. Rg1 Kf7 (43... Bb5 $16 44. Bxb5 (44. Bxf5 Rea7 $16) 44... cxb5) 44. Kd2 (44. h5 $18) 44... Rea7 45. Kc1 (45. h5 $18) 45... Rb8 ({Better is} 45... Rc8) 46. Kb2 $16 Rc7 47. Rgc1 Rbc8 48. Ba6 Ra8 49. Be2 Rac8 50. h5 Kg7 (50... Rg8 $16) 51. Bd3 Kf7 (51... Rh8 $16 52. Bb1 Rg8 53. hxg6 hxg6) 52. Rh1 Rg8 53. Rcc1 (53. hxg6+ $18 hxg6 54. Rh7+ Rg7 55. Rh2) 53... Ra7 (53... gxh5 $16 54. Rxh5 (54. Bxf5 Rg2+ 55. Ka1 Rg3 $16) 54... Rg2+ 55. Ka1 (55. Kc3 Ke8 $14) 55... Kf8) 54. Rcg1 $18 c5 $2 (54... Kf8 {is a better chance.} 55. hxg6 hxg6) 55. hxg6+ $18 (55. bxc5 bxc5 56. hxg6+ (56. dxc5 Ra5 $18) 56... hxg6 57. Rh7+ (57. dxc5 Rg7 $18) 57... Rg7 58. Rxg7+ Kxg7 59. Bxf5 (59. dxc5 Kh6 $18) 59... Kf8 $18) 55... hxg6 56. Rh7+ (56. bxc5 bxc5 57. Rh7+ (57. dxc5 Rg7 $18) 57... Rg7 58. Rxg7+ Kxg7 59. Bxf5 (59. dxc5 Kh6 $16) 59... cxd4 60. Rxg6+ Kf8 $18) 56... Rg7 57. Rxg7+ Kxg7 58. Bxf5 (58. dxc5 bxc5 59. Bxf5 cxb4 60. axb4 (60. Bxg6 bxa3+ 61. Ka2 Kf8 $11) (60. Rxg6+ Kf8 $18) 60... Ra6) 58... Be8 (58... Kf8 $142 59. Bxg6 (59. Rxg6 Rf7 $18) 59... cxd4) 59. Bxg6 $18 Bxg6 60. f5 (60. dxc5 Kf7 $14) 60... cxb4 61. Rxg6+ ({Not} 61. fxg6 bxa3+ 62. Ka2 Ra8 $11) 61... Kf8 62. axb4 Rb7 63. Rd6 (63. f6 $142 Rh7 64. e6 Rh2+ 65. Ka3 Rf2 66. e7+ Kf7 67. Rg7+ Kxf6 68. e8=Q (68. e8=R Kxg7 69. Re5 Kf6 $14) 68... Kxg7 69. Qd7+ Kg6 70. Qxd5) 1-0

[Event "Seniors-LEM-65 Sachsen-Anhalt 2024"]
[Site "Magdeburg"]
[Date "2024.07.01"]
[Round "1.13"]
[White "Kolthoff, Siegmund"]
[Black "Schwarz, Hans"]
[Result "*"]
[ECO "B02"]
[WhiteElo "2090"]
[BlackElo "1856"]
[Annotator "RC"]
[PlyCount "35"]
[EventDate "2024.06.25"]
[EventType "swiss"]
[EventCountry "GER"]
[SourceTitle "playchess.com"]
[Source "ChessBase"]
[SourceQuality "1"]
[TimeControl "40/5400+30:1800+30"]

1. e4 Nf6 2. Nc3 d5 3. exd5 Nxd5 4. Nxd5 Qxd5 5. d4 Nc6 6. Be3 g6 7. a3 Bf5 8. Nf3 Bg7 9. Qd2 O-O 10. c4 Qe4 11. Ng5 Qc2 12. Nf3 Rad8 13. Rd1 Qb3 14. Qc3 Qxc3+ 15. bxc3 e5 16. Be2 e4 17. Nd2 Rfe8 18. Nb3 *